 Dungeon Crawl Stone Soup version 0.19.1 (webtiles) character file.

31 LORDOFBUTT the Sneak (level 3, 0/16 HPs)
             Began as a Spriggan Enchanter on Dec 28, 2016.
             Succumbed to an adder's poison
             ... on level 3 of the Dungeon.
             The game lasted 00:03:03 (1648 turns).

LORDOFBUTT the Sneak (Spriggan Enchanter)           Turns: 1648, Time: 00:03:03

Health: 0/16       AC:  3    Str:  4    XL:     3   Next: 7%
Magic:  8/8        EV: 19    Int: 21    God:
Gold:   133        SH:  0    Dex: 17    Spells: 2 memorised, 4 levels left

rFire  . . .     SeeInvis +     i - +2 short sword (speed)
rCold  . . .     Gourm    .     b - +1 robe
rNeg   . . .     Faith    .     (shield restricted)
rPois  .         Spirit   .     (helmet restricted)
rElec  .         Reflect  .     (no cloak)
rCorr  .         Harm     .     (gloves unavailable)
MR     .....                    (boots unavailable)
Stlth  +++.......               (no amulet)
                                (no ring)
                                (no ring)

@: brilliant, lethally poisoned (0 -> -2), very slightly contaminated, hasted,
very quick
A: unfitting armour, see invisible, herbivore 3, speed 3, slow metabolism 2
a: no special abilities


You were on level 3 of the Dungeon.
You were not hungry.

You visited 1 branch of the dungeon, and saw 3 of its levels.

You collected 133 gold pieces.

Inventory:

Hand Weapons
 i - a +2 short sword of speed (weapon)
Armour
 b - a +1 robe (worn)
Scrolls
 e - 2 scrolls of teleportation {unknown}
 f - 3 scrolls of identify {unknown}
 g - a scroll of blinking {unknown}
Books
 c - a book of Maledictions

   Spells                             Type                      Level
   a - Corona                         Hexes                        1
   b - Ensorcelled Hibernation        Hexes/Ice                    2
   c - Confuse                        Hexes                        3
   d - Tukima's Dance                 Hexes                        3
   e - Dazzling Spray                 Conjuration/Hexes            3
Comestibles
 d - 2 bread rations


   Skills:
 + Level 1.3 Short Blades
 + Level 3.4 Dodging
 + Level 5.2 Stealth
 + Level 2.8 Spellcasting
 + Level 4.1 Hexes
 - Level 0.1 Ice Magic


You had 4 spell levels left.
You knew the following spells:

 Your Spells              Type           Power        Failure   Level  Hunger
a - Corona                Hex            ####...      1%          1    None
b - Ensorcelled Hibernat  Hex/Ice        ###...       1%          2    ##.....


Dungeon Overview and Level Annotations

Branches:
Dungeon (3/15)

Altars:


Innate Abilities, Weirdness & Mutations

You are very small and have problems with some larger weapons.
You are too small for most types of armour.
You have supernaturally acute eyesight. (SInv)
You are a herbivore.
You cover ground extremely quickly.
You need consume almost no food.


Message History

You feel sick.
An ooze, an orc priest and an orc wizard come into view.
The ooze quivers.
The orc priest shouts!
Found a smoky silvery potion.
A rat and an orc priest come into view.
You completely miss the rat. The rat misses you.
You hit the rat.
You kill the rat!
You see here a rat corpse.
* * * LOW HITPOINT WARNING * * *
You feel sick.
The orc priest shouts!
Found a battleaxe.
A gnoll comes into view.
Found a pair of gloves.
A gnoll comes into view. It is wielding a spear.
Found a scroll labeled AMAOSIU SECHA.
A gnoll comes into view. It is wielding a spear.
You die...

#.# ### #.# .. #.# #.
###### #.# .#####.###
#....# #.# .........#
#....#### #.#
.........###.......###.#
...g................†...
....[..@...........###.#
g.....g.)###....#.J.o...
.#####.#.# ###.##.......
#.#.. #.##....... #.#.#.
#.##...o... ?####++
####....... # #...!o..


You could see 3 gnolls.

Vanquished Creatures
  An adder (D:2)
  2 giant cockroaches
  4 goblins
  3 hobgoblins (D:1)
  2 jackals (D:1)
  3 bats
  A frilled lizard (D:1)
  3 kobolds
  3 rats
22 creatures vanquished.

Notes
Turn   | Place    | Note
-------+----------+-------------------------------------------
     0 | D:1      | LORDOFBUTT the Spriggan Enchanter began the quest for the Orb.
     0 | D:1      | Reached XP level 1. HP: 9/9 MP: 5/5
   386 | D:1      | Reached XP level 2. HP: 13/13 MP: 6/6
   478 | D:1      | Reached skill level 5 in Stealth
  1302 | D:1      | Learned a level 2 spell: Ensorcelled Hibernation
  1582 | D:3      | Reached XP level 3. HP: 13/16 MP: 8/8
  1648 | D:3      | Succumbed to an adder's poison

Skill      XL: |  1  2 |
---------------+-------+-----
Stealth        | 5 |  5.2
Hexes          | 4 |  4.1
Short Blades   | |  1.3
Dodging        | |  3.4
Spellcasting   | |  2.8
Ice Magic      | |  0.1

Action                   || total
-------------------------++-------
Melee: Dagger            ||    68
       Short sword       ||     5
 Cast: Ensorcelled Hiber ||     6
  Use: Potion            ||     2
 Stab: Sleeping          ||     5
Armor: Robe              ||    13
Dodge: Dodged            ||    77
